 Dungeon Crawl Stone Soup version 0.22.1-6-g1668fe2 (webtiles) character file.

339 tognito the Cleaver (level 6, 0/76 HPs)
             Began as a Minotaur Berserker on Jan 26, 2019.
             Was a Priest of Trog.
             Slain by an orc wizard
             ... wielding a +0 dagger
              (4 damage)
             ... on level 3 of the Dungeon.
             The game lasted 00:04:16 (1965 turns).

tognito the Cleaver (Minotaur Berserker)            Turns: 1965, Time: 00:04:16

Health: 0/76       AC:  8    Str: 29    XL:     6   Next: 29%
Magic:  5/5        EV:  9    Int:  4    God:    Trog [***...]
Gold:   139        SH:  0    Dex:  9    Spells: 5/5 levels left

rFire    . . .     SeeInvis .   a - +0 hand axe
rCold    . . .     Gourm    .   (no shield)
rNeg     . . .     Faith    .   l - +0 chain mail
rPois    .         Spirit   .   (helmet restricted)
rElec    .         Reflect  .   (no cloak)
rCorr    .         Harm     .   (no gloves)
MR       .....                  (no boots)
Stlth    ..........             k - amulet of magic regeneration
HPRegen  0.22/turn              (no ring)
MPRegen  0.34/turn              (no ring)

@: berserking, very quick
A: retaliatory headbutt, horns 2
a: Berserk, Trog's Hand, Renounce Religion


You were on level 3 of the Dungeon.
You worshipped Trog.
Trog was most pleased with you.
You were near starving.

You visited 1 branch of the dungeon, and saw 3 of its levels.

You collected 139 gold pieces.

Inventory:

Hand Weapons
 a - a +0 hand axe (weapon)
Missiles
 f - 50 arrows
Armour
 l - a +0 chain mail (worn)
Jewellery
 k - an amulet of magic regeneration (around neck)
 n - an uncursed amulet of rage
Scrolls
 b - a scroll of fear {unknown}
 e - a scroll of fog {unknown}
 h - a scroll of blinking {unknown}
 i - 5 scrolls of identify {unknown}
 j - 2 scrolls of teleportation {unknown}
 m - a scroll of immolation {unknown}
 o - a scroll of amnesia {unknown}
 p - 2 scrolls of remove curse {unknown}
Potions
 g - a potion of flight
Comestibles
 c - 5 rations


   Skills:
 - Level 3.6 Fighting
 + Level 8.6 Axes
 - Level 2.4 Armour
 - Level 2.1 Dodging


You had 5 spell levels left.
You didn't know any spells.
Your spell library was empty.

Dungeon Overview and Level Annotations

Branches:
Dungeon (3/15)

Altars:
Nemelex Xobeh
Yredelemnul
The Shining One


Innate Abilities, Weirdness & Mutations

You reflexively headbutt those who attack you in melee.
You have a pair of horns on your head.


Message History

The orc wizard points at you and mumbles some strange words.
The magic dart hits you!
You barely miss the orc wizard. You miss something. You closely miss the orc.
The orc hits you with a hand axe.
* * * LOW HITPOINT WARNING * * *
Something completely misses you.
The orc wizard hits you but does no damage.
You closely miss the orc wizard. You hit the orc but do no damage.
Your chain mail prevents you from hitting something.
You hear some strange, mumbled words.
A puff of flame appears from out of thin air!
The puff of flame hits you!
* * * LOW HITPOINT WARNING * * *
The orc hits you but does no damage.
The orc wizard hits you but does no damage.
A red film seems to cover your vision as you go berserk!
You feel yourself moving faster!
You feel mighty!
You are near starving!
Something hits you.
You die...

######### .......#
# #.....# #
#.#o....#####
....#<@).......#
#.{o.)..######♣♣
#............#.♣♣
#.#####.##......♣♣
#. #.###......♣ .#
#.# #..#..♣.♣ .#
..# #.##♣♣♣ ## ###
#.# ########.#


You could see an orc wizard and an orc.

Vanquished Creatures
  Sigmund (D:3)
  An orc wizard (D:3)
  Terence (D:3)
  6 adders
  2 oozes
  5 orcs (D:3)
  A giant cockroach (D:3)
  8 goblins
  5 hobgoblins
  4 quokkas
  4 ball pythons
  5 bats
  5 frilled lizards
  9 kobolds
  8 rats
65 creatures vanquished.

Notes
Turn   | Place    | Note
-------+----------+-------------------------------------------
     0 | D:1      | tognito the Minotaur Berserker began the quest for the Orb.
     0 | D:1      | Reached XP level 1. HP: 19/19 MP: 0/0
   125 | D:1      | Reached skill level 4 in Axes
   125 | D:1      | Reached XP level 2. HP: 22/26 MP: 1/1
   820 | D:2      | Reached skill level 5 in Axes
   820 | D:2      | Reached XP level 3. HP: 26/31 MP: 2/2
   935 | D:2      | Reached ** piety under Trog
  1016 | D:2      | Reached XP level 4. HP: 38/39 MP: 3/3
  1017 | D:2      | Reached skill level 6 in Axes
  1322 | D:2      | Found a basalt altar of Yredelemnul.
  1324 | D:2      | Noticed a profane servitor
  1337 | D:2      | Found a glowing golden altar of the Shining One.
  1339 | D:2      | Noticed an angel
  1455 | D:3      | Noticed Terence
  1471 | D:3      | Killed Terence
  1511 | D:3      | Reached skill level 7 in Axes
  1511 | D:3      | Reached XP level 5. HP: 42/45 MP: 4/4
  1683 | D:3      | Found a sparkling altar of Nemelex Xobeh.
  1697 | D:3      | Noticed Sigmund
  1711 | D:3      | Killed Sigmund
  1711 | D:3      | Reached skill level 8 in Axes
  1711 | D:3      | Reached XP level 6. HP: 25/51 MP: 5/5
  1947 | D:3      | Reached *** piety under Trog
  1965 | D:3      | Slain by an orc wizard

Skill      XL: |  1  2  3  4  5 |
---------------+----------------+-----
Axes           | 4 5 7 8 |  8.6
Fighting       | |  3.6
Armour         | |  2.4
Dodging        | |  2.1

Action                   |  1- 3 |  4- 6 || total
-------------------------+-------+-------++-------
Melee: Hand axe          |    67 |   125 ||   192
       Headbutt          |    10 |     5 ||    15
Invok: Berserk           |       |     1 ||     1
  Use: Potion            |     2 |     3 ||     5
 Stab: Sleeping          |     2 |       ||     2
  Eat: Chunk             |       |     3 ||     3
Armor: Animal skin       |    13 |       ||    13
       Chain mail        |     9 |    77 ||    86
Dodge: Dodged            |    67 |    42 ||   109
